 Dungeon Crawl Stone Soup version 0.30.1-4-g462c640d31 (webtiles) character file.

Game seed: 14071855615919418726

91 tizbic2 the Charlatan (level 4, -3/38 HPs)
             Began as a Naga Artificer on Aug 28, 2023.
             Was an Initiate of Cheibriados.
             Slain by an ogre
             ... wielding a +0 giant club
              (18 damage)
             ... on level 3 of the Dungeon.
             The game lasted 00:08:51 (1703 turns).

tizbic2 the Charlatan (Naga Artificer)              Turns: 1703, Time: 00:08:53

Health: -3/38      AC:  3    Str: 16    XL:     4   Next: 59%
Magic:  4/4        EV:  9    Int: 14    God:    Cheibriados [......]
Gold:   143        SH:  0    Dex: 12    Spells: 2/3 levels left

rFire   . . .        s - +0 battleaxe
rCold   . . .        (shield currently unavailable)
rNeg    . . .        b - +0 leather armour
rPois   +            (no helmet)
rElec   .            (no cloak)
rCorr   .            (no gloves)
SInv    +            (no barding)
Will    .....        (no amulet)
Stlth   +            p - ring of flight
HPRegen 0.26/turn    (no ring)
MPRegen 0.09/turn

%: no passive effects
@: short of breath, flying, very slow
A: AC +1, large, see invisible, deformed body, poison resistance, slowness 2,
spit poison 1, naga tail 1
a: Spit Poison, Renounce Religion


You were on level 3 of the Dungeon.
You worshipped Cheibriados.
Cheibriados was noncommittal.
You visited 1 branch of the dungeon, and saw 3 of its levels.

You collected 143 gold pieces.

Inventory:

Hand Weapons
 a - a +0 club
 f - a +3 dagger
 g - a +1 spear of flaming
 h - a +1 whip of freezing
 s - a +0 battleaxe (weapon)
Armour
 b - a +0 leather armour (worn)
 n - a +0 ring mail
 r - a +0 chain mail
Jewellery
 p - a ring of flight (left hand)
Wands
 c - a wand of flame (14) (quivered)
 d - a wand of charming (15)
 e - a wand of iceblast (5)
Scrolls
 j - a scroll of summoning {unknown}
 o - a scroll of fear {unknown}
 q - a scroll of identify
Potions
 i - 3 potions of lignification
 k - a potion of flight {unknown}
 l - a potion of berserk rage {unknown}
 m - a potion of mutation {unknown}


   Skills:
 + Level 1.5 Fighting
 * Level 1.9 Staves
 + Level 2.0 Armour
 + Level 1.4 Dodging
 - Level 1.5 Stealth
 + Level 0.0 Spellcasting
 + Level 0.8 Air Magic
 + Level 0.0 Invocations
 + Level 3.6 Evocations


You had 2 spell levels left.
You knew the following spells:

 Your Spells              Type           Power      Damage    Failure   Level
a - Shock                 Conj/Air       4%         1d3       30%         1

Your spell library contained the following spells:

 Spells                   Type           Power      Damage    Failure   Level
 Swiftness                Air            2%         N/A       58%         3
 Airstrike                Air            1%         2d(1-17)  94%         4


Dungeon Overview and Level Annotations

Branches:
Dungeon (3/15)

Altars:
Ashenzari
Cheibriados


Innate Abilities, Weirdness & Mutations

Your serpentine skin is tough. (AC +1)
You have supernaturally acute eyesight. (SInv)
Armour fits poorly on your strangely shaped body.
Your system is resistant to poisons. (rPois)
You cover ground very slowly.
You can spit poison.
You have a snake-like lower body.


Message History

You kill the goblin!
Cheibriados appreciates the change of pace.
Found a battleaxe.
You have got your breath back.
You see here a +0 battleaxe.
s - a +0 battleaxe Your +1 spear of flaming stops flaming.
s - a +0 battleaxe (weapon)
You are flying.
Your flying speed is very slow.
Your attack delay is about 1.7.
Your damage rating with your +0 battleaxe is about 17 (Base 15 x 115% (Str) x 102% (Skill)).
Your base attributes are Str 15, Int 13, Dex 11.
Your +1 spear of flaming bursts into flame!
g - a +1 spear of flaming (weapon)
You are flying.
Your flying speed is very slow.
Your attack delay is about 1.0.
Your damage rating with your +1 spear of flaming is about 8 (Base 6 x 115% (Str) x 104% (Skill) + 1 (Ench)).
Your base attributes are Str 15, Int 13, Dex 11.
Your +1 spear of flaming stops flaming.
Your +1 whip of freezing glows with a cold blue light!
h - a +1 whip of freezing (weapon)
You are flying.
Your flying speed is very slow.
Your attack delay is about 1.0.
Your damage rating with your +1 whip of freezing is about 8 (Base 6 x 115% (Str) x 104% (Skill) + 1 (Ench)).
Your base attributes are Str 15, Int 13, Dex 11.
Your +1 whip of freezing stops glowing.
s - a +0 battleaxe (weapon)
An ogre comes into view. It is wielding a +0 giant club.
Found a scroll labelled WUCULY ZYEP.
The ogre shouts!
A goblin comes into view. It is wielding a +0 dagger.
Found 8 stones.
You completely miss the ogre. The ogre closely misses you.
You barely miss the ogre.
The ogre hits you with a +0 giant club!!
Ouch! That really hurt!
Aiming: Spit Poison (1% risk of failure)
Press: ? - help, Shift-Dir - straight line, f - ogre
Aim: an ogre, wielding a +0 giant club (81% to hit)
The splash of poison hits the ogre!
The ogre is poisoned.
The ogre is heavily wounded.
The ogre hits you with a +0 giant club!!
You die...

###...#.# ...>..#.# .(
........# # ### ..
......### #. #.. ..
.....## #.##.##. #.##.#
#...... .....# #.....
...### #.##.#
...####### #.#.@# ##
.........# #.#O##....
...#####.####..........
.........##......O....g
............###........
.........#..# .......?.
...#####.#..# .........
.... ..#..# .........
.#.# ####.........####


You could see an ogre (poisoned).

Vanquished Creatures
  2 adders
  2 worms (D:2)
  2 dart slugs (D:3)
  8 bats
  4 endoplasms
  3 giant cockroaches
  6 goblins
  6 hobgoblins
  6 jackals (D:1)
  2 quokkas
  6 ball pythons
  5 frilled lizards
  2 kobolds (D:1)
  2 rats
56 creatures vanquished.

Notes
Turn   | Place    | Note
-------+----------+-------------------------------------------
     0 | D:1      | tizbic2 the Naga Artificer began the quest for the Orb.
     0 | D:1      | Reached XP level 1. HP: 18/18 MP: 1/1
   146 | D:1      | Reached XP level 2. HP: 24/25 MP: 2/2
   159 | D:1      | Reached skill level 1 in Dodging
   178 | D:1      | Reached skill level 1 in Staves
   338 | D:1      | Reached XP level 3. HP: 31/31 MP: 3/3
   583 | D:1      | Learned a level 1 spell: Shock
   971 | D:2      | Reached XP level 4. HP: 36/38 MP: 2/4
  1489 | D:3      | Found a snail-covered altar of Cheibriados.
  1497 | D:3      | Became a worshipper of Cheibriados the Contemplative
  1586 | D:3      | Found a broken altar of Ashenzari.
  1698 | D:3      | Noticed an ogre
  1703 | D:3      | Slain by an ogre

Illustrated notes

Levels and vault maps discovered:
D:1:      minmay_arrival_five_plusses, layout_loops_cross
D:2:      layout_loops_ring
D:3:      layout_loops_cross, nicolae_vehumet_radiance, kennysheep_slug_shrine,
          mainiacjoe_overflow_24_doors, minmay_puff

Skill      XL: |  1  2  3  4 |
---------------+-------------+-----
Dodging        | 1 |  1.4
Staves         | 1 |  1.9
Armour         | 2 |  2.0
Fighting       | |  1.5
Stealth        | |  1.5
Air Magic      | |  0.8
Evocations     | |  3.6

Action                     |  1- 3 |  4- 6 || total
---------------------------+-------+-------++-------
  Melee: Spear             |    95 |    35 ||   130
         Battleaxe         |       |     2 ||     2
   Cast: Shock             |     4 |     9 ||    13
Ability: Spit Poison       |    17 |     8 ||    25
  Evoke: Wand              |     1 |       ||     1
    Use: Scroll            |     1 |     1 ||     2
   Stab: Sleeping          |     1 |       ||     1
 Armour: Leather armour    |    35 |     8 ||    43
  Dodge: Dodged            |    59 |    22 ||    81
